 Dungeon Crawl Stone Soup version 0.31.0-11-ge490571c62 (webtiles) character file.

Game seed: 15248828792742588957

287 Buffagor the Insei (level 6, -1/43 HPs)
             Began as a Merfolk Shapeshifter on Feb 10, 2024.
             Slain by a sky beast (6 damage)
             ... on level 7 of the Dungeon.
             The game lasted 00:03:46 (2032 turns).

Buffagor the Insei (Merfolk Shapeshifter)           Turns: 2032, Time: 00:03:46

Health: -1/43      AC:  2    Str: 15    XL:     6   Next: 30%
Magic:  6/6        EV: 12    Int:  9    God:
Gold:   92         SH:  0    Dex: 15    Spells: 5/5 levels left

rFire   . .          .
                       - Unarmed
rCold   . . .        (no shield)
rNeg    . . .        a - +0 animal skin
rPois   .            (helmet currently unavailable)
rElec   .            (cloak currently unavailable)
rCorr   .            (gloves currently unavailable)
SInv    .            (boots currently unavailable)
Will    .....        (no amulet)
Stlth   +            (no ring)
HPRegen 0.27/turn    (no ring)
MPRegen 0.10/turn

%: no passive effects
@: beast-form
A: beast (slay +2), (nimble swimmer 2), mertail
a: Begin Untransformation


You were on level 7 of the Dungeon.
You were a hulking beast.
You visited 1 branch of the dungeon, and saw 5 of its levels.

You collected 92 gold pieces.

Inventory:

Missiles
 n - 9 stones
 o - 3 javelins (quivered)
 p - 3 datura-tipped darts
Armour
 a - a +0 animal skin (worn)
 k - a +0 pair of gloves
Jewellery
 l - a ring of resist corrosion
Talismans
 c - a beast talisman
 d - a flux talisman
Scrolls
 e - 2 scrolls of teleportation {unknown}
 h - a scroll of fear {unknown}
 j - 2 scrolls of identify {unknown}
 m - a scroll of immolation {unknown}
Potions
 f - 4 potions of curing {unknown}
 g - 2 potions of degeneration {unknown}
 i - a potion of enlightenment {unknown}


   Skills:
 - Level 1.1 Fighting
 - Level 2.6 Dodging
 + Level 7.5 Unarmed Combat
 - Level 4.0 Shapeshifting


You had 5 spell levels left.
You didn't know any spells.
Your spell library contained the following spells:

 Spells                   Type           Power      Damage    Failure   Level
 Dazzling Flash           Conj/Hex       0%         N/A       77%         3
 Mephitic Cloud           Conj/Alch/Air  0%         N/A       77%         3
 Curse of Agony           Necr           0%         N/A       100%        5
 Silence                  Hex/Air        0%         N/A       100%        5


Dungeon Overview and Level Annotations

Branches:
Dungeon (7/15)
 Temple: D:4-7

Altars:
Xom


Innate Abilities, Weirdness & Mutations

You are a hulking beast.
Your limbs bulge with bestial killing power. (Slay +2)
((You are very nimble when in or above water. (Stealth+, EV+, Speed+++)))
Your lower body shifts to a powerful aquatic tail in water.


Message History

You destroy the wight!
Your life force feels restored.
You hear the hiss of a very distant avalanche of sand.
Things that are here:
a +3 falchion; a +0 robe You hear the brisk hiss of a very distant avalanche of sand.
You hear the brisk hiss of a very distant avalanche of sand.
o - 2 javelins (gained 1)
o - 3 javelins (gained 1)
Things that are here:
a +0 dagger; an orc skeleton You hear the brisk hiss of a very distant avalanche of sand.
Key pressed, stopping explore.
Unknown command.
Unknown command.
A sky beast comes into view.
The sky beast moves out of view.
A sky beast is nearby!
The sky beast flickers out of sight!
Deactivating autopickup; reactivate with Ctrl-A.
Something hits you. Something shocks you.
You miss something.
A sky beast appears from thin air!
Reactivating autopickup.
The sky beast hits you. The sky beast shocks you.
You barely miss the sky beast. The sky beast hits you.
The sky beast shocks you.
You punch the sky beast!
The sky beast is moderately wounded.
You barely miss the sky beast.
The sky beast is moderately wounded.
The sky beast flickers out of sight!
Deactivating autopickup; reactivate with Ctrl-A.
Something hits you. Something shocks you.
You closely miss something. Something hits you. Something shocks you.
* * * LOW HITPOINT WARNING * * *
You miss something. Something hits you but does no damage.
You miss something. Something hits you.
* * * LOW HITPOINT WARNING * * *
Something shocks you.
You die...

....))..)...<.........
....)...#####.......#
..).......# #.......#
...######.# #.......#
......# #.###.......#
...##.# #...........#
...##.# #####.......#
...##.# #.......#
...##.# ###.h####
...##.# ##{# #####.#
.... #.# ##.#.#
#####.# ..... ......#
#.# #. ####### ### ##


There were no monsters in sight!

Vanquished Creatures
  A water moccasin (D:7)
  A wight (D:7)
  A hound (D:7)
  An iguana (D:7)
  An orc wizard (D:7)
  A dart slug (D:2)
  5 orcs
  A bat (D:1)
  3 endoplasms
  3 giant cockroaches (D:1)
  3 goblins
  A hobgoblin (D:3)
  11 jackals
  2 quokkas
  3 ball pythons
  2 frilled lizards (D:1)
  3 kobolds (D:2)
  2 rats
45 creatures vanquished.

Notes
Turn   | Place    | Note
-------+----------+-------------------------------------------
     0 | D:1      | Buffagor the Merfolk Shapeshifter began the quest for the
                  | Orb.
     0 | D:1      | Reached XP level 1. HP: 15/15 MP: 1/1
   166 | D:1      | Reached XP level 2. HP: 17/21 MP: 2/2
   175 | D:1      | Reached skill level 4 in Unarmed Combat
   597 | D:1      | Reached XP level 3. HP: 26/26 MP: 3/3
   949 | D:2      | Found a shimmering altar of Xom.
  1603 | D:3      | Reached skill level 5 in Unarmed Combat
  1611 | D:3      | You fall into a shaft and drop 3 floors!
  1628 | D:6      | Noticed a wight
  1661 | D:7      | Noticed a water moccasin
  1673 | D:7      | Killed a water moccasin
  1674 | D:7      | Reached skill level 6 in Unarmed Combat
  1674 | D:7      | Reached XP level 4. HP: 13/32 MP: 4/4
  1674 | D:7      | Reached XP level 5. HP: 15/37 MP: 5/5
  1801 | D:7      | Reached skill level 7 in Unarmed Combat
  1801 | D:7      | Reached XP level 6. HP: 35/43 MP: 6/6
  2020 | D:7      | Noticed a sky beast
  2032 | D:7      | Slain by a sky beast

Illustrated notes

Levels and vault maps discovered:
D:1:      minmay_arrival_jagged, layout_basic
D:2:      layout_basic, basic_altar
D:3:      layout_basic, fiery_altar_vehumet, uniq_natasha
D:6:      minmay_inner_zag, layout_rooms, mainiacjoe_overflow_boulevard,
          minmay_temple_entry_trees, lightli_minifort
D:7:      layout_basic, amcnicky_altar_gilded,
          nicolae_ossuary_entry_false_entrances, st_stairs_13,
          uniq_prince_ribbit1

Skill      XL: |  1  2  3  4  5 |
---------------+----------------+-----
Unarmed Combat | 4 6 7 |  7.5
Fighting       | |  1.1
Dodging        | |  2.6
Shapeshifting  | |  4.0

Action                     |  1- 3 |  4- 6 || total
---------------------------+-------+-------++-------
  Melee: Unarmed           |    89 |    29 ||   118
         Punch             |     3 |       ||     3
  Throw: Javelin           |    12 |     5 ||    17
    Use: Potion            |       |     1 ||     1
   Stab: Sleeping          |     1 |       ||     1
 Armour: Animal skin       |    42 |    14 ||    56
         Skin              |       |     6 ||     6
  Dodge: Dodged            |    42 |     4 ||    46
